 Dungeon Crawl Stone Soup version 0.20.1-1-g8b1a95d (webtiles) character file.

2598 polve the Carver (level 9, -3/91 HPs)
             Began as a Tengu Berserker on Aug 15, 2017.
             Was an Elder of Trog.
             Slain by a killer bee (6 damage)
             ... on level 7 of the Dungeon.
             The game lasted 00:07:13 (7619 turns).

polve the Carver (Tengu Berserker)                  Turns: 7619, Time: 00:07:13

Health: -3/91      AC:  8    Str: 25    XL:     9   Next: 59%
Magic:  9/9        EV: 12    Int: 15    God:    Trog [****..]
Gold:   316        SH:  3    Dex: 16    Spells: 8/8 levels left

rFire    . . .     SeeInvis .   D - +9 falchion of Terror {venom, Int+7}
rCold    . . .     Gourm    .   (no shield)
rNeg     . . .     Faith    .   z - +3 leather armour of the Spider Nest {rPois Str+2 Stlth+}
rPois    +         Spirit   .   (helmet restricted)
rElec    .         Reflect  +   (no cloak)
rCorr    .         Harm     .   (no gloves)
MR       +++..                  (boots unavailable)
Stlth    ..........             t - +3 amulet of reflection
Regen    1.3/turn               d - ring of protection from magic
MPRegen  0.2/turn               y - ring of loudness (curse)

@: berserking, lethally poisoned (-3 -> -5), regenerating, very quick
A: beak, talons 3, molten scales 1, yellow scales 1, deformed body, low mp 1,
able to fly 1
a: Fly, Berserk, Trog's Hand, Brothers in Arms, Burn Spellbooks, Renounce
Religion


You were on level 7 of the Dungeon.
You worshipped Trog.
Trog was greatly pleased with you.
You were near starving.

You visited 1 branch of the dungeon, and saw 7 of its levels.

You collected 316 gold pieces.

Inventory:

Hand Weapons
 B - a +0 shortbow
 D - the +9 falchion of Terror (weapon) {venom, Int+7}
   (You found it on level 6 of the Dungeon)

   It poisons the flesh of those it strikes.
   It affects your intelligence (+7).
Missiles
 v - 43 arrows
Armour
 z - the +3 leather armour of the Spider Nest (worn) {rPois Str+2 Stlth+}
   (You found it on level 4 of the Dungeon)

   It affects your strength (+2).
   It protects you from poison.
   It makes you more stealthy.
Jewellery
 d - a ring of protection from magic (left hand)
 t - a +3 amulet of reflection (around neck)
 y - a cursed ring of loudness (right hand)
Scrolls
 b - a scroll of fog {unknown}
 f - 6 scrolls of identify
 h - a scroll of blinking {unknown}
 l - a scroll of amnesia {unknown}
 m - 2 scrolls of remove curse {unknown}
 n - a scroll of recharging {unknown}
 o - a scroll of magic mapping {unknown}
 r - 4 scrolls of teleportation
 A - a scroll of immolation {unknown}
 C - 3 scrolls of enchant weapon {unknown}
Potions
 a - a potion of magic {unknown}
 e - a potion of agility {unknown}
 g - a potion of might {unknown}
 j - 2 potions of haste
 k - 2 potions of lignification
 q - a potion of curing {unknown}
 s - a potion of heal wounds {unknown}
 u - a potion of cancellation {unknown}
 x - 2 potions of flight
Books
 p - a book of Debilitation

   Spells                             Type                      Level
   a - Corona                         Hexes                        1
   b - Slow                           Hexes                        2
   c - Inner Flame                    Hexes/Fire                   3
   d - Portal Projectile              Hexes/Translocation          3
   e - Cause Fear                     Hexes                        4
   f - Leda's Liquefaction            Hexes/Earth                  4
   Trog disapproves of the use of such an item.
Comestibles
 c - 4 bread rations
 i - 4 meat rations
 w - 3 chunks of flesh


   Skills:
 + Level 9.4 Fighting
 + Level 10.5 Long Blades
 - Level 2.1 Armour
 - Level 2.1 Dodging


You had 8 spell levels left.
You didn't know any spells.

Dungeon Overview and Level Annotations

Branches:
Dungeon (7/15)             Temple (0/1) D:6

Altars:
Ashenzari
Cheibriados
Elyvilon
Fedhas
Gozag
Kikubaaqudgha
Makhleb
Nemelex Xobeh
Qazlal
Ru
Uskayaw
Vehumet
Xom
Yredelemnul
Zin

Shops:
D:4 =   D:6 *

Annotations:
D:7 TheGuigne's ghost, novice HOFi


Innate Abilities, Weirdness & Mutations

You have a beak for a mouth.
You have claws for feet.
You can fly.
You are partially covered in molten scales. (AC +2)
You are partially covered in yellow scales. (AC +2)
Armour fits poorly on your strangely shaped body.
Your magical capacity is low. (-10% MP)


Message History

You feel yourself moving faster!
You feel mighty!
You are near starving!
You feel sick. The killer bee stings you.
* * * LOW HITPOINT WARNING * * *
The killer bee stings you!
* * * LOW HITPOINT WARNING * * *
You slash the killer bee!
You kill the killer bee!
Trog accepts your kill.
You feel sick.
You barely miss the killer bee. You claw the killer bee!
You peck the killer bee.
You kill the killer bee!
Trog accepts your kill.
You feel sick.
You slice the killer bee!!
You kill the killer bee!
Trog accepts your kill.
You feel sick. The killer bee stings you.
You die...

....##..##.##
.##..........
...<..##.#.# #..##.##.#.#
##.......#.#####
###..##.......######
##........[......#######
#######.########y........
#.......###...@y.W..####
............######....#
..########### #..#.##
##....# ###.W.W.).
.##.... .# ... .. . ..


You could see 2 killer bees and TheGuigne's ghost.

Vanquished Creatures
  Grinder (D:3)
  4 phantoms
  2 orc warriors (D:6)
  2 sky beasts (D:5)
  An ice beast (D:5)
  An ogre (D:5)
  2 centaurs
  3 bullfrogs (D:6)
  3 scorpions
  4 killer bees (D:7)
  A crimson imp (D:6)
  A quasit (D:5)
  2 centaur zombies
  2 bullfrog skeletons (D:5)
  2 orc priests (D:4)
  2 orc wizards (D:4)
  A centaur skeleton (D:7)
  Ijyb (D:3)
  8 worker ants
  An iguana (D:6)
  A hound skeleton (D:6)
  Robin (D:3)
  8 gnolls (D:4)
  3 adders
  An adder zombie (D:6)
  4 worms
  A dart slug (D:1)
  3 leopard geckos
  12 orcs
  3 bats (D:2)
  5 giant cockroaches
  2 gnoll zombies (D:2)
  12 goblins
  10 hobgoblins
  19 jackals
  3 quokkas
  A ball python (D:3)
  A frilled lizard (D:1)
  7 kobolds
  A leopard gecko skeleton (D:4)
  A quokka skeleton (D:4)
  8 rats
151 creatures vanquished.

Notes
Turn   | Place    | Note
-------+----------+-------------------------------------------
     0 | D:1      | polve the Tengu Berserker began the quest for the Orb.
     0 | D:1      | Reached XP level 1. HP: 14/14 MP: 2/2
   316 | D:1      | Reached XP level 2. HP: 19/19 MP: 3/3
   962 | D:1      | Reached XP level 3. HP: 17/23 MP: 4/4
  1427 | D:2      | Reached skill level 4 in Long Blades
  1757 | D:2      | Found a sacrificial altar of Ru.
  1871 | D:2      | Reached ** piety under Trog
  1985 | D:2      | Found a basalt altar of Yredelemnul.
  2130 | D:2      | Found a stormy altar of Qazlal.
  2422 | D:3      | Found a burning altar of Makhleb.
  2431 | D:3      | Noticed Ijyb
  2445 | D:3      | Killed Ijyb
  2445 | D:3      | Reached XP level 4. HP: 29/29 MP: 5/5
  2774 | D:3      | Noticed Grinder
  2845 | D:3      | Killed Grinder
  2845 | D:3      | Reached skill level 5 in Fighting
  2845 | D:3      | Reached skill level 5 in Long Blades
  2845 | D:3      | Gained mutation: You can fly. [Tengu growth]
  2845 | D:3      | Reached XP level 5. HP: 23/35 MP: 6/6
  2845 | D:3      | Reached XP level 6. HP: 27/40 MP: 7/7
  2977 | D:3      | Noticed Robin
  2995 | D:3      | Killed Robin
  3333 | D:4      | Reached skill level 6 in Long Blades
  3529 | D:4      | Noticed a phantom
  3531 | D:4      | Found an opulent altar of Gozag.
  3563 | D:4      | Noticed a phantom
  3578 | D:4      | Killed a phantom
  3578 | D:4      | Reached XP level 7. HP: 25/45 MP: 8/8
  3588 | D:4      | Got a garnet-studded leather armour
  3599 | D:4      | Identified the +3 leather armour of the Spider Nest {rPois Str+2 Stlth+} (You found it on level 4 of the Dungeon)
  3801 | D:4      | Reached skill level 7 in Long Blades
  3893 | D:4      | Found a shattered altar of Ashenzari.
  3947 | D:4      | Found Ivywejuh's Jewellery Emporium.
  4127 | D:4      | Reached *** piety under Trog
  4266 | D:4      | Found a blossoming altar of Fedhas.
  4569 | D:4      | Reached XP level 8. HP: 49/52 MP: 9/9
  4637 | D:4      | Found a hide-covered altar of Uskayaw.
  4637 | D:4      | Found a white marble altar of Elyvilon.
  4840 | D:4      | Found a snail-covered altar of Cheibriados.
  4863 | D:5      | Entered Level 5 of the Dungeon
  4949 | D:5      | Reached skill level 8 in Long Blades
  5332 | D:5      | Gained mutation: Your magical capacity is low. (-10% MP) [mutagenic meat]
  5333 | D:5      | Gained mutation: You are partially covered in yellow scales. (AC +2) [mutagenic meat]
  5334 | D:5      | Gained mutation: Armour fits poorly on your strangely shaped body. [mutagenic meat]
  5335 | D:5      | Gained mutation: You are partially covered in molten scales. (AC +2) [mutagenic meat]
  5808 | D:5      | Reached skill level 9 in Long Blades
  6089 | D:5      | Found a glowing silver altar of Zin.
  6559 | D:6      | Found Wusesh's General Store.
  6575 | D:6      | Reached XP level 9. HP: 56/60 MP: 9/9
  6713 | D:6      | Found an ancient bone altar of Kikubaaqudgha.
  6845 | D:6      | Got a scorched falchion
  6846 | D:6      | Identified the +9 falchion of Terror {venom, Int+7} (You found it on level 6 of the Dungeon)
  6956 | D:6      | Reached skill level 10 in Long Blades
  7269 | D:6      | Found a staircase to the Ecumenical Temple.
  7364 | D:6      | Found a blossoming altar of Fedhas.
  7366 | D:6      | Found a shimmering altar of Xom.
  7366 | D:6      | Found a white marble altar of Elyvilon.
  7372 | D:6      | Reached **** piety under Trog
  7374 | D:6      | Found a shimmering altar of Xom.
  7374 | D:6      | Found a stormy altar of Qazlal.
  7374 | D:6      | Found a shattered altar of Ashenzari.
  7457 | D:6      | Found a radiant altar of Vehumet.
  7511 | D:6      | Found a sparkling altar of Nemelex Xobeh.
  7606 | D:7      | Noticed TheGuigne's ghost (novice HOFi)
  7616 | D:7      | HP: 4/90 [killer bee (8)]
  7619 | D:7      | Slain by a killer bee

Skill      XL: |  1  2  3  4  5  6  7  8  9 |
---------------+----------------------------+-----
Long Blades    | 4 5 6 7 9 10 | 10.5
Fighting       | 4 5 6 8 9 |  9.4
Armour         | |  2.1
Dodging        | |  2.1

Action                   |  1- 3 |  4- 6 |  7- 9 || total
-------------------------+-------+-------+-------++-------
Melee: Falchion          |    70 |    86 |   104 ||   260
       Peck              |     9 |    14 |    54 ||    77
       Kick              |    19 |    30 |    85 ||   134
       Long sword        |       |       |   121 ||   121
Invok: Berserk           |     1 |     4 |     6 ||    11
       Trog's Hand       |       |     1 |     1 ||     2
 Abil: Fly               |       |     1 |     1 ||     2
  Use: Scroll            |       |     3 |     2 ||     5
 Stab: Sleeping          |     1 |       |       ||     1
  Eat: Chunk             |     5 |     6 |    22 ||    33
       Royal jelly       |       |     1 |       ||     1
Armor: Animal skin       |    12 |    12 |     1 ||    25
       Leather armour    |       |       |    61 ||    61
Dodge: Dodged            |    46 |    50 |   126 ||   222
Block: Other             |       |    14 |    32 ||    46
       Reflection        |       |       |     6 ||     6
       Rpst.: Falchion   |    10 |    13 |    17 ||    40
       Long sword        |       |       |    11 ||    11
